 Dungeon Crawl Stone Soup version 0.28-a0-1518-gbe868bca14 (webtiles) character file.

Game seed: 4126570481960663370

18 issech the Vexing (level 2, -1/21 HPs)
             Began as a Human Arcane Marksman on Jan 16, 2022.
             Slain by an adder (3 damage)
             ... on level 2 of the Dungeon.
             The game lasted 00:05:53 (1193 turns).

issech the Vexing (Human Arcane Marksman)           Turns: 1193, Time: 00:05:58

Health: -1/21      AC:  2    Str: 10    XL:     2   Next: 90%
Magic:  3/3        EV: 12    Int: 13    God:
Gold:   73         SH:  0    Dex: 13    Spells: 2/3 levels left

rFire   . . .      SeeInvis .   a - +0 shortbow
rCold   . . .      Faith    .   (shield currently unavailable)
rNeg    . . .      Spirit   .   d - +0 robe
rPois   .          Reflect  .   (no helmet)
rElec   .          Harm     .   (no cloak)
rCorr   .          Rampage  .   (no gloves)
Will    .....                   (no boots)
Stlth   +.........              (no amulet)
HPRegen 0.07/turn               (no ring)
MPRegen 0.08/turn               (no ring)

@: no status effects
A: no striking features
a: no special abilities


You were on level 2 of the Dungeon.
You visited 1 branch of the dungeon, and saw 2 of its levels.

You collected 73 gold pieces.

Inventory:

Hand Weapons
 a - a +0 shortbow (weapon)
 b - a +0 spear
 e - a +0 mace
 f - a +0 dagger
 h - a +0 dagger
Missiles
 c - 7 arrows (quivered ammo)
 g - 6 boomerangs
Armour
 d - a +0 robe (worn)
Scrolls
 i - a scroll of identify {unknown}


   Skills:
 + Level 1.4 Fighting
 + Level 2.4 Bows
 + Level 2.3 Dodging
 + Level 1.0 Spellcasting
 + Level 3.1 Hexes


You had 2 spell levels left.
You knew the following spells:

 Your Spells              Type           Power      Damage    Failure   Level
a - Slow                  Hex            32%        N/A       8%          1

Your spell library contained the following spells:

 Spells                   Type           Power      Damage    Failure   Level
 Inner Flame              Hex/Fire       4%         N/A       41%         3
 Portal Projectile        Hex/Tloc       8%         N/A       41%         3
 Cause Fear               Hex            4%         N/A       58%         4


Dungeon Overview and Level Annotations

Branches:
Dungeon (2/15)

Altars:


Message History

Aim: a jackal (50% to hit)
You shoot an arrow. The arrow barely misses the jackal.
The jackal bites you. The giant cockroach bites you.
The ball python misses you. The ball python barely misses you.
Fire: 10 arrows
Press: ? - help, Q - select action, (/) - cycle Shift-Dir - straight line, f/p - jackal
Aim: a jackal (50% to hit)
You shoot an arrow. The arrow barely misses the jackal.
The jackal bites you but does no damage.
The giant cockroach closely misses you. The ball python bites you.
The ball python misses you.
The jackal bites you but does no damage.
The giant cockroach barely misses you.
Fire: 9 arrows
Press: ? - help, Q - select action, (/) - cycle Shift-Dir - straight line, f/p - jackal
Aim: a jackal (50% to hit)
You shoot an arrow. The arrow misses the jackal.
The ball python bites you. The ball python grabs you.
The ball python constricts you. The jackal barely misses you.
The ball python bites you. The ball python constricts you.
* * * LOW HITPOINT WARNING * * *
The giant cockroach closely misses you. The jackal closely misses you.
Fire: 8 arrows
Press: ? - help, Q - select action, (/) - cycle Shift-Dir - straight line, f/p - jackal
Aim: a jackal (50% to hit)
You shoot an arrow. The arrow closely misses the jackal.
The jackal closely misses you. The ball python barely misses you.
The ball python constricts you. The giant cockroach bites you.
* * * LOW HITPOINT WARNING * * *
The jackal bites you.
* * * LOW HITPOINT WARNING * * *
You can't go up here!
You can't go up here!
You escape the ball python's grasp.
The giant cockroach bites you but does no damage.
The ball python misses you. The ball python closely misses you.
The jackal closely misses you.
The giant cockroach bites you but does no damage.
You climb downwards.
The adder bites you.
You die...

## .. ###
.### .#.# ...
...#. # ..
......
#.##.##......
#....BS.....#
#...S@B......
#....hh##w..#
##.#.#.# # #
#. .# #. .#
.. .# ## .#
..


You could see an adder, a dart slug, 2 jackals, 2 giant cockroaches and a ball
python.

Vanquished Creatures
  2 dart slugs (D:1)
  2 endoplasms (D:1)
  2 goblins (D:1)
  A hobgoblin (D:1)
  2 jackals (D:1)
  A ball python (D:1)
  2 bats (D:1)
  A frilled lizard (D:1)
13 creatures vanquished.

Notes
Turn   | Place    | Note
-------+----------+-------------------------------------------
     0 | D:1      | issech the Human Arcane Marksman began the quest for the
                  | Orb.
     0 | D:1      | Reached XP level 1. HP: 15/15 MP: 2/2
     2 | D:1      | Noticed a human
     2 | D:1      | Noticed a vine stalker
     4 | D:1      | Noticed a vampire
     4 | D:1      | Noticed an ogre
     9 | D:1      | Noticed a merfolk
    11 | D:1      | Noticed a dwarf
    11 | D:1      | Noticed a gargoyle
    13 | D:1      | Noticed an octopode
    15 | D:1      | Noticed a demigod
    15 | D:1      | Noticed a tengu
    17 | D:1      | Noticed a spriggan
    19 | D:1      | Noticed a felid
    19 | D:1      | Noticed a draconian
    21 | D:1      | Noticed an elf
    21 | D:1      | Noticed a minotaur
    23 | D:1      | Noticed a formicid
    23 | D:1      | Noticed a ghoul
    25 | D:1      | Noticed a demonspawn
    27 | D:1      | Noticed a troll
    29 | D:1      | Noticed a naga
   196 | D:1      | Reached XP level 2. HP: 21/21 MP: 3/3
  1193 | D:2      | Slain by an adder

Illustrated notes

Levels and vault maps discovered:
D:1:      kb_arrival_jail, layout_basic
D:2:      minmay_recursive_quarters, layout_loops_ring,
          minmay_worlds_worst_comb, uniq_sigmund

Action                   || total
-------------------------++-------
 Fire: Shortbow          ||    43
Armor: Robe              ||     6
Dodge: Dodged            ||    34

Table legend: (Time is in decaauts)
 A = Elapsed time spent in this place.
 B = Non-inter-level travel time spent in this place.
 C = Inter-level travel time spent in this place.
 D = Time resting spent in this place.
 E = Time spent auto-exploring this place.
 F = Levels seen in this place.
 G = Mean time per level.
                   A        B        C        D        E       F      G
               +--------+--------+--------+--------+--------+-----+--------+
         Total |   1202 |   1202 |      0 |    100 |    196 |   2 |  601.0 |
       Dungeon |   1202 |   1202 |      0 |    100 |    196 |   2 |  601.0 |
               +--------+--------+--------+--------+--------+-----+--------+

Top non-repeatable levels by time:
     D:1: 1198 daAuts
     D:2: 4 daAuts
